 Dungeon Crawl Stone Soup version 0.30.1-1-g62c8e00024 (webtiles) character file.

Game seed: 9693269128833141176

735 GeoRichter the Skirmisher (level 7, -5/56 HPs)
             Began as a Red Draconian Hunter on July 14, 2023.
             Was a Follower of Okawaru.
             Slain by a black bear (8 damage)
             ... on level 4 of the Dungeon.
             The game lasted 00:05:05 (4313 turns).

GeoRichter the Skirmisher (Red Draconian Hunter)    Turns: 4313, Time: 00:05:05

Health: -5/56      AC:  6    Str: 13    XL:     7   Next: 45%
Magic:  7/7        EV: 12    Int:  9    God:    Okawaru [*.....]
Gold:   116        SH:  0    Dex: 17    Spells: 6/6 levels left

rFire   + . .        a - +0 shortbow
rCold   . . .        (shield currently unavailable)
rNeg    + . .        (body armour unavailable)
rPois   .            (helmet restricted)
rElec   .            (no cloak)
rCorr   .            (no gloves)
SInv    .            (no boots)
Will    .....        (no amulet)
Stlth   ++           k - ring of positive energy
HPRegen 0.29/turn    (no ring)
MPRegen 0.10/turn

%: no passive effects
@: invisible
A: breathe fire, AC +6, unfitting armour, fire resistance 1, cold-blooded
a: Breathe Fire, Renounce Religion, Heroism


You were on level 4 of the Dungeon.
You worshipped Okawaru.
Okawaru was aware of your devotion.
You visited 1 branch of the dungeon, and saw 4 of its levels.

You collected 116 gold pieces.

Inventory:

Hand Weapons
 a - a +0 shortbow (weapon)
 v - a +2 long sword of holy wrath
   (You found it on level 4 of the Dungeon)
Jewellery
 k - a ring of positive energy (left hand)
   (You found it on level 1 of the Dungeon)
Wands
 w - a wand of paralysis (11)
   (You found it on level 4 of the Dungeon)
Scrolls
 b - a scroll of silence {unknown}
 c - a scroll of teleportation {@r4}
 f - a scroll of acquirement {unknown}
 g - 2 scrolls of fog
 m - a scroll of summoning {unknown}
 o - a scroll of enchant armour {unknown}
 p - a scroll of noise {unknown}
 q - a scroll of amnesia {unknown}
 r - a scroll of poison {unknown}
 s - a scroll of vulnerability {unknown}
 t - 2 scrolls of immolation {!r}
 x - a scroll of blinking {unknown}
 y - a scroll of magic mapping {unknown}
Potions
 d - a potion of invisibility
 e - 2 potions of heal wounds {unknown}
 h - 3 potions of curing {@q1}
 i - 3 potions of haste {@q3}
 j - a potion of degeneration {unknown}
 l - a potion of mutation {unknown}
 n - a potion of might
 u - a potion of flight {unknown}


   Skills:
 + Level 2.5 Fighting
 * Level 8.4 Ranged Weapons
 + Level 1.7 Dodging
 - Level 0.8 Stealth


You had 6 spell levels left.
You didn't know any spells.
Your spell library contained the following spells:

 Spells                   Type           Power      Damage    Failure   Level
 Apportation              Tloc           0%         N/A       38%         1
 Sublimation of Blood     Necr           0%         N/A       52%         2
 Wereblood                Tmut           0%         N/A       52%         2
 Portal Projectile        Hex/Tloc       0%         N/A       77%         3
 Leda's Liquefaction      Hex/Erth       0%         N/A       99%         4
 Alistair's Intoxication  Tmut/Pois      0%         N/A       100%        5
 Call Canine Familiar     Summ           Unusable   N/A       N/A         3
 Summon Hydra             Summ           Unusable   N/A       N/A         7

Dungeon Overview and Level Annotations

Branches:
Dungeon (4/15) Zot: 19632
 Temple: D:4-7

Altars:
Ashenzari
Elyvilon
Okawaru
Qazlal
Uskayaw
Wu Jian
Yredelemnul

Annotations:
D:3 1 runed translucent door, beigtais's ghost, amateur OpCj


Innate Abilities, Weirdness & Mutations

You can breathe blasts of fire.
Your fiery red scales are hard. (AC +6)
You cannot fit into any form of body armour.
Your flesh is heat resistant. (rF+)
You are cold-blooded and may be slowed by cold attacks.


Message History

The black bear is heavily wounded.
You shoot an arrow. The arrow barely misses the black bear.
You shoot an arrow. The arrow hits the black bear!
The black bear is severely wounded.
The black bear goes berserk!
You shoot an arrow. The arrow barely misses the black bear.
The black bear bites you! The black bear completely misses you.
The black bear closely misses you. The black bear bites you.
The black bear claws you. The black bear barely misses you.
You shoot an arrow.
The arrow closely misses the black bear.
The black bear bites you! The black bear misses you.
The black bear closely misses you. x2; The black bear barely misses you.
The black bear closely misses you.
You shoot an arrow. The arrow hits the black bear.
The black bear is almost dead.
The black bear barely misses you. The black bear closely misses you.
The black bear claws you but does no damage.
You shoot an arrow. The arrow hits the black bear.
The black bear is almost dead.
The black bear bites you. The black bear claws you.
The black bear barely misses you. The black bear bites you!
* * * LOW HITPOINT WARNING * * *
The black bear claws you but does no damage.
The black bear closely misses you.
Fire: a) +0 shortbow
Press: ? - help, Q - select action, (/) - cycle Shift-Dir - straight line, f/p - black bear
Aim: a black bear (almost dead, berserk, 72% to hit)
You shoot an arrow. The arrow barely misses the black bear.
The black bear bites you!
* * * LOW HITPOINT WARNING * * *
The black bear claws you.
* * * LOW HITPOINT WARNING * * *
The black bear claws you but does no damage.
Fire: a) +0 shortbow
Press: ? - help, Q - select action, (/) - cycle Shift-Dir - straight line, f/p - black bear
Aim: a black bear (almost dead, berserk, 72% to hit)
You shoot an arrow. The arrow barely misses the black bear.
The black bear bites you but does no damage.
The black bear closely misses you. The black bear claws you.
* * * LOW HITPOINT WARNING * * *
The black bear bites you.
* * * LOW HITPOINT WARNING * * *
The black bear claws you.
* * * LOW HITPOINT WARNING * * *
The black bear claws you.
* * * LOW HITPOINT WARNING * * *
You fade into invisibility!
The black bear bites you!
You die...

############################
...#..).##......##......#.. .
.#...##..##..##..##.....#.# #h.
...^.##...##..##..##..#.#.# ..
..##.......##..##..##.#...#.#
..##..#.........##....#.....#
#########.#.....@h...†...####.###
#########...###########..........
#...........###########..#######.
#........................### #.
...####.......#............### #.
....###.###..###..##.........###.
........# #...#..................
....###.# #.##..#.##.......#.###.
...####.###.##..#.###.#....#.###.


You could see a black bear (berserk, unable to see you).

Vanquished Creatures
  Sigmund (D:2)
  An ogre (D:4)
  A gnoll bouda (D:4)
  2 orc priests
  A hound (D:4)
  A sleepcap (D:4)
  Terence (D:3)
  2 iguanas (D:4)
  An orc wizard (D:4)
  Robin (D:2)
  6 gnolls (D:4)
  6 adders
  An ufetubus (D:4)
  A worm (D:2)
  4 dart slugs
  7 orcs
  3 ball pythons
  3 endoplasms
  7 giant cockroaches
  15 goblins
  11 hobgoblins
  10 jackals
  6 kobolds
  4 quokkas
  8 bats
  7 frilled lizards
  A rat (D:2)
112 creatures vanquished.

Notes
Turn   | Place    | Note
-------+----------+-------------------------------------------
     0 | D:1      | GeoRichter the Draconian Hunter began the quest for the
                  | Orb.
     0 | D:1      | Reached XP level 1. HP: 17/17 MP: 1/1
   245 | D:1      | Reached XP level 2. HP: 25/25 MP: 2/2
   283 | D:1      | Reached skill level 4 in Ranged Weapons
   881 | D:2      | Reached XP level 3. HP: 30/30 MP: 3/3
   888 | D:2      | Noticed Robin
   895 | D:2      | Killed Robin
  1018 | D:2      | Reached skill level 5 in Ranged Weapons
  1020 | D:2      | Reached XP level 4. HP: 37/37 MP: 4/4
  1027 | D:2      | Noticed Sigmund
  1045 | D:2      | Killed Sigmund
  1046 | D:2      | Reached skill level 6 in Ranged Weapons
  1046 | D:2      | Reached XP level 5. HP: 35/42 MP: 5/5
  1877 | D:3      | Noticed Terence
  1900 | D:3      | Killed Terence
  1901 | D:3      | Reached XP level 6. HP: 41/50 MP: 6/6
  1943 | D:3      | Found a basalt altar of Yredelemnul.
  1992 | D:3      | Found an iron altar of Okawaru.
  2007 | D:3      | Became a worshipper of Warmaster Okawaru
  2017 | D:3      | Found a runed translucent door.
  2017 | D:3      | Noticed beigtais's ghost (amateur OpCj)
  2252 | D:3      | Found a white marble altar of Elyvilon.
  2363 | D:3      | Found a broken altar of Ashenzari.
  2374 | D:3      | Found a stormy altar of Qazlal.
  2738 | D:3      | Reached skill level 7 in Ranged Weapons
  3488 | D:4      | Your scales start taking on a fiery red colour.
  3488 | D:4      | Reached XP level 7. HP: 12/56 MP: 7/7
  3488 | D:4      | Gained mutation: Your flesh is heat resistant. (rF+) [Red
                  | Draconian growth]
  3490 | D:4      | Reached * piety under Okawaru
  3491 | D:4      | Reached skill level 8 in Ranged Weapons
  3891 | D:4      | Found a hide-covered altar of Uskayaw.
  3891 | D:4      | Found an ornate altar of the Wu Jian Council.
  4313 | D:4      | Slain by a black bear

Illustrated notes

Levels and vault maps discovered:
D:1:      spicycebolla_arrival_xxxplode, layout_basic
D:2:      layout_loops_corners, uniq_robin, uniq_sigmund
D:3:      layout_basic, kennysheep_ying_yang,
          mainiacjoe_overflow_large_starburst, mainiacjoe_overflow_chevrons,
          hellmonk_ghost_happy_afterlife, uniq_terence
D:4:      minmay_thinvault, layout_loops_ring,
          gammafunk_temple_overflow_elements, tgw_sif, minmay_pentomino_pile

Skill      XL: |  1  2  3  4  5  6  7 |
---------------+----------------------+-----
Ranged Weapons | 4 5 6 7 8 |  8.4
Fighting       | |  2.5
Dodging        | |  1.7
Stealth        | |  0.8

Action                     |  1- 3 |  4- 6 |  7- 9 || total
---------------------------+-------+-------+-------++-------
   Fire: Shortbow          |   103 |   209 |    78 ||   390
    Use: Scroll            |     1 |     1 |     3 ||     5
         Potion            |       |     1 |     1 ||     2
 Armour: Skin              |    24 |    42 |    13 ||    79
  Dodge: Dodged            |    28 |    85 |    29 ||   142
